 Dungeon Sprint DCSS version 0.21.1-1-g345015f (webtiles) character file.

444 rob the Fighter (level 6, -4/85 HPs)
             Began as a Demonspawn Monk on Mar 24, 2018.
             Was a Believer of Makhleb.
             Slain by a hellwing (17 damage)
             ... summoned by a kobold demonologist
             ... while paralysed by a floating eye
             ... in the Dungeon (Sprint I: "Red Sonja").
             The game lasted 00:05:55 (1062 turns).

rob the Fighter (Demonspawn Monk)                   Turns: 1062, Time: 00:05:59

Health: -4/85      AC:  2    Str: 16      XL:     6   Next: 72%
Magic:  6/6        EV:  2    Int: 12      God:    Makhleb [**....]
Gold:   270        SH:  0    Dex: 13 (17) Spells: 5/5 levels left

rFire    . . .     SeeInvis .   a - +0 short sword
rCold    . . .     Gourm    .   (no shield)
rNeg     . . .     Faith    .   f - +0 robe {MR+}
rPois    .         Spirit   .   (helmet restricted)
rElec    .         Reflect  .   (no cloak)
rCorr    .         Harm     .   (no gloves)
MR       +....     NoTele   +   (no boots)
Stlth    ..........             (no amulet)
HPRegen  0.24/turn              (no ring)
MPRegen  0.10/turn              (no ring)

@: paralysed, berserking
A: antennae 1, talons 2
a: Minor Destruction, Renounce Religion


You were in the Dungeon.
You worshipped Makhleb.
Makhleb was pleased with you.
You were not hungry.

You visited 1 branch You collected 270 gold pieces.

Inventory:

Hand Weapons
 a - a +0 short sword (weapon)
 e - a +0 scythe
Armour
 b - a +0 robe
 d - a +0 scale mail
 f - a +0 robe of magic resistance (worn)
Scrolls
 i - a scroll of blinking
Potions
 g - 2 potions of magic
Comestibles
 c - a ration


   Skills:
 + Level 8.7 Fighting
 + Level 8.0 Short Blades
 + Level 7.9 Dodging
 + Level 4.0 Stealth


You had 5 spell levels left.
You didn't know any spells.

Dungeon Overview and Level Annotations

Branches:
Dungeon (1/1)

Altars:
Makhleb
Xom
Jiyva
Lugonu


Innate Abilities, Weirdness & Mutations

You have a pair of small antennae on your head.
You have razor-sharp toenails.


Message History

The quasit claws you but does no damage. x2
You barely miss the kobold demonologist.
The kobold demonologist is moderately wounded.
The kobold demonologist hits you but does no damage.
You puncture the kobold demonologist!
Your kick misses the kobold demonologist.
The kobold demonologist is heavily wounded.
You hit the kobold demonologist but do no damage.
Your kick misses the kobold demonologist.
The kobold demonologist is heavily wounded.
The kobold demonologist gestures wildly while chanting.
You hit the hellwing but do no damage.
You claw the hellwing, but do no damage.
You closely miss the kobold demonologist.
Your kick misses the kobold demonologist.
The kobold demonologist is heavily wounded.
The kobold demonologist hits you but does no damage.
The floating eye gazes piercingly through you!
You suddenly lose the ability to move!
The hellwing hits you!
You die...

########################
.#..)..#.÷'..#__#4KG...#
.'..#..'..#..'.4@K5#...#
.#####'#####+#__####...+
.# #..# #### #### .#
#### .# ⌠# ##


You could see a hellwing, an ice devil, 2 kobold demonologists, a floating eye
and a quasit.

Vanquished Creatures
  A slime creature (D)
  Sigmund (D)
  An ogre (D)
  Ijyb (D)
4 creatures vanquished.

Vanquished Creatures (others)
  A gargoyle (D)
1 creature vanquished.

Grand Total: 5 creatures vanquished

Notes
Turn   | Place    | Note
-------+----------+-------------------------------------------
     0 | D        | rob the Demonspawn Monk began the quest for the Orb.
     0 | D        | Reached XP level 1. HP: 18/18 MP: 1/1
     2 | D        | Noticed Ijyb
    14 | D        | Killed a gargoyle
    68 | D        | Killed Ijyb
    68 | D        | Gained mutation: You have sharp toenails. [demonic ancestry]
    68 | D        | Reached XP level 2. HP: 13/26 MP: 2/2
   652 | D        | Noticed an ogre
   662 | D        | Killed an ogre
   662 | D        | Reached skill level 5 in Short Blades
   662 | D        | Reached skill level 5 in Dodging
   662 | D        | Gained mutation: You have razor-sharp toenails. [demonic ancestry]
   662 | D        | Reached XP level 3. HP: 31/34 MP: 3/3
   662 | D        | Gained mutation: You have a pair of small antennae on your head. [demonic ancestry]
   662 | D        | Reached XP level 4. HP: 36/40 MP: 4/4
   676 | D        | Noticed Sigmund
   682 | D        | Killed Sigmund
   682 | D        | Reached XP level 5. HP: 33/48 MP: 5/5
   682 | D        | Reached XP level 6. HP: 38/55 MP: 6/6
   771 | D        | Found a burning altar of Makhleb.
   771 | D        | Found a viscous altar of Jiyva.
   771 | D        | Found a shimmering altar of Xom.
   771 | D        | Found a corrupted altar of Lugonu.
   771 | D        | Noticed a slime creature
   781 | D        | Killed a slime creature
   789 | D        | Became a worshipper of Makhleb the Destroyer
   789 | D        | Reached * piety under Makhleb
   789 | D        | Reached ** piety under Makhleb
  1041 | D        | Noticed a kobold demonologist
  1041 | D        | Noticed a floating eye
  1042 | D        | Noticed a kobold demonologist
  1048 | D        | Noticed an ice devil
  1052 | D        | Paralysed by a floating eye for 3 turns
  1061 | D        | Noticed a hellwing
  1062 | D        | Paralysed by a floating eye for 2 turns
  1062 | D        | Slain by a hellwing

Skill      XL: |  1  2  3  4  5  6 |
---------------+-------------------+-----
Fighting       | 4 6 7 8 |  8.7
Short Blades   | 4 5 7 8 |  8.0
Dodging        | 4 5 7 |  7.9
Stealth        | 2 3 4 |  4.0

Action                   |  1- 3 |  4- 6 || total
-------------------------+-------+-------++-------
Melee: Short sword       |    70 |    21 ||    91
       Kick              |     3 |     9 ||    12
  Use: Potion            |     3 |     1 ||     4
 Stab: Sleeping          |       |     2 ||     2
Armor: Robe              |     2 |    12 ||    14
Dodge: Dodged            |    38 |    12 ||    50
